 Dungeon Sprint DCSS version 0.18-a0-1372-gd644665 (webtiles) character file.

278 namelastname112 the Fighter (level 9, 8/79 HPs)
             Began as a Demonspawn Berserker on Feb 21, 2016.
             Was a Priest of Trog.
             Quit the game in the Dungeon (Sprint VI: "Thunderdome").
             The game lasted 00:06:01 (651 turns).

namelastname112 the Fighter (Demonspawn Berserker)   Turns: 651, Time: 00:06:01

Health: 8/79       AC:  3    Str: 22    XL:     9   Next: 4%
Magic:  9/9        EV: 17    Int:  9    God:    Trog [***...]
Gold:   240        SH:  0    Dex: 13    Spells: 0 memorised, 8 levels left

rFire  . . .     SeeInvis .     d - +2 battleaxe (curse)
rCold  . . .     Gourm    .     n - +1 animal skin of Okliwkiu {+Blink Str+2} (curse)
rNeg   . . .     Faith    .     (shield currently unavailable)
rPois  .         Spirit   .     (helmet unavailable)
rElec  .         Dismiss  .     (no cloak)
rCorr  .         Reflect  .     (no gloves)
SustAt .         Harm     .     (no boots)
MR     ++...     NoTele   +     (no amulet)
Stlth  +.........               (no ring)
                                (no ring)

@: lethally poisoned (8 -> -2), exhausted, very slightly contaminated,
regenerating, hasted and slowed, very resistant to hostile enchantments, very
unstealthy
A: claws 1, horns 3, talons 1, spiny 1, subdued magic 1
a: Berserk, Trog's Hand, Burn Spellbooks, Renounce Religion, Evoke Blink


You were in the Dungeon.
You worshipped Trog.
Trog was most pleased with you.
You were not hungry.

You visited 1 branch You collected 600 gold pieces.
You spent 360 gold pieces at shops.

Inventory:

Hand Weapons
 a - a +0 hand axe
 d - a cursed +2 battleaxe (weapon)
Missiles
 b - 5 poisoned tomahawks (quivered)
Armour
 n - the cursed +1 animal skin of Okliwkiu (worn) {+Blink Str+2}
   (You bought it in a shop in the Dungeon)

   It affects your strength (+2).
   It lets you blink.
   It has a curse placed upon it.
Wands
 k - a wand of acid (4/15)
 l - a wand of iceblast (5/15)
Scrolls
 i - 3 scrolls of blinking
 m - 3 scrolls of fog
Potions
 f - 3 potions of haste
 g - 2 potions of magic
 h - a potion of berserk rage
 j - a potion of resistance


   Skills:
 + Level 10.7 Fighting
 + Level 9.8 Axes
 + Level 9.7 Armour
 + Level 9.6 Dodging


You had 8 spell levels left.
You didn't know any spells.

Dungeon Overview and Level Annotations

Branches:
Dungeon (1/1)

Altars:
Cheibriados
Dithmenos
Fedhas
Gozag
Kikubaaqudgha
Makhleb
Okawaru
Pakellas
Qazlal
Ru
Sif Muna
Trog
Vehumet
Xom
Yredelemnul
Zin
The Shining One
Jiyva
Lugonu

Shops:
D *[%??*?*:[((!!!!

Annotations:
D Aizul


Innate Abilities, Weirdness & Mutations

You have sharp fingernails.
You have a pair of large horns on your head.
You have sharp toenails.
You are partially covered in sharp spines.
Your spells are a little easier to cast, but a little less powerful.


Message History

As you read the scroll of blinking, it crumbles to dust.
A naga warrior comes into view. It is wielding a long sword.
* * * LOW HITPOINT WARNING * * *
You feel very sick.
Aizul screams, "I'll haunt your nightmares!"
Drink which item? (? for menu, Esc to quit)
Okay, then.
* * * LOW HITPOINT WARNING * * *
You feel very sick.
The naga warrior shouts!
* * * LOW HITPOINT WARNING * * *
You feel very sick.
You feel the effects of Trog's Hand fading.
* * * LOW HITPOINT WARNING * * *
You feel very sick. The naga warrior spits poison at you.
The splash of poison hits you!
You are lethally poisoned!
There is a deep blue altar of Sif Muna here.
Are you sure you want to abandon this character and quit the game? (Confirm with "yes".)

##∩___......###.....
###∩........8.# #.8...
##..........S..###.....
#⌠..........###...###..
#⌠..........# #.<.# #÷.
#⌠..........###...###..
#.........[...###.....
###∩........8.# #.8...
##∩@__N....÷###.....
######.8.........8.
#⌠...........⌠
###.........##
#_........# #_........#
#_......._# #∩.......∩#
##∩.....∩##


You could see Aizul and a naga warrior.

Vanquished Creatures
  A naga warrior (D)
  6 neqoxecs (D)
  A water moccasin (D)
  3 necrophages (D)
  A phantom (D)
  A wight (D)
  2 jellies (D)
  2 adders (D)
  3 oozes (D)
  3 ball pythons (D)
  A giant gecko zombie (D)
24 creatures vanquished.

Notes
Turn   | Place    | Note
--------------------------------------------------------------
     0 | D        | namelastname112 the Demonspawn Berserker began the quest for the Orb.
     0 | D        | Reached XP level 1. HP: 18/18 MP: 1/1
     3 | D        | Found an oddly glowing altar of Pakellas.
     4 | D        | Found a corrupted altar of Lugonu.
     5 | D        | Found a burning altar of Makhleb.
     5 | D        | Round 1.
     6 | D        | Found Gudwetta's Do-It-Yourself Clinic.
     6 | D        | Found a sacrificial altar of Ru.
     6 | D        | Found Xorol's Distillery.
     7 | D        | Found Souxosk's Bottled Wisdom.
     7 | D        | Found Veisum's Distillery.
    31 | D        | Noticed a jelly
    37 | D        | Found a viscous altar of Jiyva.
    44 | D        | Killed a jelly
    44 | D        | Reached ** piety under Trog
    44 | D        | Reached skill level 4 in Fighting
    44 | D        | Gained mutation: You have sharp fingernails. [demonic ancestry]
    44 | D        | Reached XP level 2. HP: 7/26 MP: 2/2
    44 | D        | Gained mutation: You are partially covered in sharp spines. [demonic ancestry]
    44 | D        | Reached XP level 3. HP: 8/31 MP: 3/3
    63 | D        | Found a glowing silver altar of Zin.
    64 | D        | Found a shadowy altar of Dithmenos.
    64 | D        | Found a stormy altar of Qazlal.
    64 | D        | Found Biosief's Weapon Rack.
    64 | D        | Found Poingur's Premium Goods.
    65 | D        | Found Fuewk's Basic Armour.
    65 | D        | Found Gauneru's Miscellaneous Merchandise.
    68 | D        | Found an ancient bone altar of Kikubaaqudgha.
    69 | D        | Found a radiant altar of Vehumet.
    70 | D        | Found a deep blue altar of Sif Muna.
    84 | D        | Arena points: 12 (+12) [x2]
    84 | D        | Reached skill level 5 in Fighting
    84 | D        | Gained mutation: You have a pair of small horns on your head. [demonic ancestry]
    84 | D        | Reached XP level 4. HP: 24/39 MP: 4/4
   102 | D        | Round 2.
   104 | D        | Found Wumyez's Identification Station.
   104 | D        | Found a glowing golden altar of the Shining One.
   104 | D        | Found a shimmering altar of Xom.
   104 | D        | Found a bloodstained altar of Trog.
   104 | D        | Found Woaciece's Bee Food.
   105 | D        | Found Eqoidoemi's Advanced Armour.
   105 | D        | Found Woptew's Jewellery.
   115 | D        | Reached *** piety under Trog
   154 | D        | Found an iron altar of Okawaru.
   155 | D        | Found a blossoming altar of Fedhas.
   156 | D        | Found a snail-covered altar of Cheibriados.
   157 | D        | Found an opulent altar of Gozag.
   157 | D        | Found a basalt altar of Yredelemnul.
   157 | D        | Found Avaocleq's Magic Scroll Shop.
   157 | D        | Found Tarph's Staff Store.
   158 | D        | Found Xusuc's Magic Scroll Shop.
   158 | D        | Found Waegheud's Must-Have Magic.
   182 | D        | Noticed a water moccasin
   191 | D        | Killed a water moccasin
   191 | D        | Reached skill level 6 in Fighting
   191 | D        | Reached skill level 5 in Axes
   191 | D        | Reached skill level 5 in Armour
   191 | D        | Reached skill level 5 in Dodging
   191 | D        | Gained mutation: You have a pair of horns on your head. [demonic ancestry]
   191 | D        | Reached XP level 5. HP: 19/47 MP: 5/5
   223 | D        | Reached **** piety under Trog
   223 | D        | Arena points: 54 (+42) [x3]
   286 | D        | Round 3.
   346 | D        | Noticed a phantom
   358 | D        | Killed a phantom
   358 | D        | Reached skill level 7 in Fighting
   358 | D        | Reached XP level 6. HP: 55/55 MP: 6/6
   403 | D        | Reached skill level 8 in Fighting
   409 | D        | Arena points: 138 (+84) [x4]
   409 | D        | Reached XP level 7. HP: 26/60 MP: 7/7
   450 | D        | Round 4.
   454 | D        | Bought a spiked animal skin for 185 gold pieces
   464 | D        | Identified the cursed +1 animal skin of Okliwkiu {+Blink Str+2} (You bought it in a shop in the Dungeon)
   465 | D        | Noticed a neqoxec
   473 | D        | Killed a neqoxec
   495 | D        | Noticed a neqoxec
   497 | D        | Noticed a neqoxec
   504 | D        | Killed a neqoxec
   504 | D        | Reached skill level 9 in Fighting
   505 | D        | Killed a neqoxec
   508 | D        | Noticed a neqoxec
   511 | D        | Gained mutation: You are clumsy. (Dex -2) [a neqoxec]
   512 | D        | Noticed a neqoxec
   515 | D        | Gained mutation: You tend to lose your temper in combat. [a neqoxec]
   520 | D        | Gained mutation: Your spells are a little easier to cast, but a little less powerful. [a neqoxec]
   523 | D        | Gained mutation: Potions and wands are less effective at restoring your health. [a neqoxec]
   524 | D        | Noticed a neqoxec
   524 | D        | Killed a neqoxec
   524 | D        | Gained mutation: You have a pair of large horns on your head. [demonic ancestry]
   524 | D        | Reached XP level 8. HP: 44/71 MP: 8/8
   527 | D        | Gained mutation: Armour fits poorly on your strangely shaped body. [a neqoxec]
   529 | D        | Reached ***** piety under Trog
   529 | D        | Arena points: 278 (+140) [x5]
   584 | D        | Bought a potion of cure mutation for 175 gold pieces
   584 | D        | Lost mutation: You are clumsy. (Dex -2) [potion of cure mutation]
   584 | D        | Lost mutation: Armour fits poorly on your strangely shaped body. [potion of cure mutation]
   584 | D        | Lost mutation: Potions and wands are less effective at restoring your health. [potion of cure mutation]
   584 | D        | Lost mutation: You tend to lose your temper in combat. [potion of cure mutation]
   599 | D        | Round 5.
   619 | D        | Noticed a naga warrior
   629 | D        | Killed a naga warrior
   629 | D        | Received a gift from Trog
   629 | D        | Reached skill level 10 in Fighting
   629 | D        | Gained mutation: You have sharp toenails. [demonic ancestry]
   629 | D        | Reached XP level 9. HP: 55/79 MP: 9/9
   635 | D        | Noticed Aizul
   647 | D        | Noticed a naga warrior
   651 | D        | Quit the game

Vault maps used:
D:        arena_sprint

Action                   |  1- 3 |  4- 6 |  7- 9 || total
-------------------------+-------+-------+-------++-------
Melee: Hand axe          |    10 |    24 |       ||    34
       Battleaxe         |       |     6 |    25 ||    31
Invok: Berserk           |     1 |     2 |     2 ||     5
       Trog's Hand       |     1 |     4 |     5 ||    10
       Brothers in Arms  |       |       |     2 ||     2
Evoke: Wand              |       |       |     1 ||     1
  Use: Potion            |       |     1 |     6 ||     7
       Scroll            |       |       |     1 ||     1
  Eat: Chunk             |       |     2 |       ||     2
       Bread ration      |       |       |     1 ||     1
